Map: 2000 Atmospheres LE

Players

Trap

  • Race: Protoss Protoss

Serral - Winner!

  • Race: Zerg Zerg

Event: TSL 8

VOD

Have the link to the VOD?

Description

Time

  • Played on: Dec. 12, 2021, 10:09 a.m.
  • Length: 17:08

All games in this series

Show
View Real Time Build Order
Export as new Build Order

Trap Protoss 

Build Orders: 1 Gate Expand, Oracle Opening 

Get SALT Encoding   

  12  0:00  Probe  
  13  0:14  Pylon  
  13  0:17  Probe (Chrono Boost)  
  14  0:26  Probe (Chrono Boost)  
  15  0:31  Probe (Chrono Boost)  
  16  0:40  Gateway  
  16  0:43  Probe  
  16  0:47  Assimilator  
  17  0:55  Probe  
  18  1:07  Probe  
  19  1:19  Probe  
  19  1:23  Nexus  
  20  1:34  Cybernetics Core  
  20  1:37  Probe  
  21  1:42  Assimilator  
  21  1:49  Probe  
  21  1:51  Pylon  
  22  2:01  Probe  
  22  2:08  Adept (Chrono Boost)  
  23  2:09  Probe  
  23  2:11  Warp Gate  
  26  2:17  Probe  
  27  2:26  Stargate  
  27  2:29  Probe (Chrono Boost)  
  28  2:31  Pylon  
  28  2:36  Probe (Chrono Boost)  
  29  2:39  Stalker  
  32  2:45  Probe x2 (Chrono Boost)  
  32  2:50  Probe (Chrono Boost)  
  33  2:52  Probe  
  35  3:02  Probe  
  35  3:03  Gateway  
  35  3:04  Probe  
  37  3:06  Oracle (Chrono Boost)  
  37  3:12  Adept  
  42  3:16  Probe  
  43  3:22  Probe, Pylon  
  44  3:28  Probe  
  45  3:34  Probe  
  45  3:37  Oracle (Chrono Boost)  
  45  3:40  Probe  
  50  3:47  Pylon  
  50  3:51  Nexus  
  50  3:55  Probe x2  
  52  3:59  Pylon  
  52  4:07  Assimilator  
  52  4:08  Probe x2, Assimilator  
  54  4:14  Adept x2  
  58  4:23  Forge  
  58  4:24  Twilight Council  
  58  4:26  Probe x2  
  60  4:31  Shield Battery  
  60  4:41  Probe x2  
  62  4:50  Gateway  
  62  4:53  Probe x2  
  62  4:54  Protoss Ground Weapons Level 1 (Chrono Boost), Gateway  
  62  4:56  Blink (Chrono Boost), Sentry  
  62  4:57  Sentry  
  68  5:03  Probe  
  68  5:05  Probe x2  
  71  5:15  Probe  
  71  5:17  Probe x2  
  71  5:20  Robotics Facility  
  74  5:28  Gateway  
  74  5:32  Gateway  
  74  5:33  Probe x3, Gateway x2  
  74  5:35  Pylon  
  77  5:38  Sentry x2  
  77  5:40  Pylon  
  81  5:47  Probe x3  
  84  5:57  Stalker x2  
  84  6:00  Shield Battery  
  84  6:02  Stalker x2  
  92  6:06  Assimilator  
  92  6:07  Pylon  
  92  6:08  Warp Prism (Chrono Boost)  
  92  6:11  Assimilator  
  94  6:24  Stalker x3  
  97  6:27  Stalker x2  
  97  6:32  Stalker x2  
  105  6:37  Observer  
  106  6:40  Pylon  
  106  6:41  Pylon  
  106  6:44  Pylon  
  106  6:48  Pylon  
  106  6:53  Stalker  
  108  6:58  Stalker x4  
  102  7:16  Stalker x4  
  102  7:24  Stalker x3  
  102  7:25  Zealot  
  94  7:45  Stalker x5  
  94  7:47  Stalker x3  
  110  7:52  Probe x2  
  110  7:53  Probe  
  110  7:57  Robotics Bay  
  113  8:02  Charge  
  113  8:08  Zealot x5  
  113  8:09  Protoss Ground Weapons Level 2 (Chrono Boost)  
  125  8:26  Templar Archives  
  125  8:28  Immortal (Chrono Boost)  
  125  8:36  Photon Cannon  
  125  8:38  Zealot x2  
  125  8:39  Zealot, Pylon  
  131  8:43  Stalker  
  133  8:59  Pylon  
  133  9:03  Immortal (Chrono Boost)  
  133  9:07  Nexus, High Templar x3  
  133  9:08  High Templar  
  145  9:15  Archon  
  145  9:16  Zealot  
  145  9:17  Archon  
  147  9:19  Zealot x3  
  147  9:22  Photon Cannon  
  147  9:23  Shield Battery  
  153  9:25  Pylon  
  153  9:27  Pylon  
  153  9:35  Immortal (Chrono Boost)  
  157  9:44  High Templar x2  
  157  9:45  Zealot x4  
  165  9:49  Archon  
  165  9:51  Zealot x2  
  171  9:56  Robotics Facility  
  169  10:16  Zealot  
  169  10:17  Zealot  
  169  10:19  Observer (Chrono Boost)  
  169  10:21  Zealot x3, Stalker  
  170  10:22  Stalker x2  
  154  10:31  Immortal (Chrono Boost)  
  138  10:42  Stalker x3  
  135  10:43  Zealot x2  
  125  10:50  Immortal (Chrono Boost)  
  121  11:03  High Templar  
  121  11:04  High Templar x3, Immortal (Chrono Boost)  
  128  11:13  Archon x2  
  128  11:14  Zealot x4  
  136  11:19  Probe  
  136  11:20  Probe x2  
  136  11:21  Psionic Storm  
  136  11:24  Probe  
  140  11:31  Probe  
  142  11:33  Observer (Chrono Boost)  
  142  11:35  Zealot  
  136  11:48  Stalker x2  
  136  11:49  Stalker x2  
  131  11:55  Stalker  
  82  12:20  Stalker x5  
  85  12:23  Probe x2  
  77  12:34  Immortal (Chrono Boost)  
  77  12:35  Probe x2  
  79  12:43  Zealot x6  
  95  12:57  Immortal (Chrono Boost)  
  91  13:04  Observer (Chrono Boost)  
  80  13:33  Immortal (Chrono Boost)  
  74  13:36  Immortal (Chrono Boost)  
  78  13:43  Zealot x2  
  78  13:44  Zealot x2  
  78  13:47  High Templar  
  78  13:48  High Templar  
  89  14:07  Immortal (Chrono Boost)  
  89  14:09  Pylon, Immortal (Chrono Boost)  
  97  14:20  High Templar  
  99  14:27  Zealot  
  99  14:28  Nexus  
  101  14:36  Immortal (Chrono Boost)  
  105  14:52  Immortal (Chrono Boost)  
  105  14:58  Zealot x2  
  97  15:08  Archon  
  96  15:15  Zealot x3  
  102  15:25  High Templar x2  
  102  15:26  Zealot  
  97  15:30  Archon  
  92  15:37  Zealot x2  
  85  15:43  Observer (Chrono Boost)  
Show
View Real Time Build Order
Export as new Build Order

Serral Zerg - Winner!

Build Orders: Hatch First, Lurkers 

Get SALT Encoding   

  12  0:00  Drone  
  13  0:12  Overlord  
  13  0:16  Drone  
  14  0:30  Drone  
  15  0:43  Hatchery  
  15  0:47  Drone  
  15  0:51  Drone  
  15  0:55  Drone  
  17  1:09  Spawning Pool  
  16  1:13  Drone  
  16  1:15  Extractor  
  16  1:18  Drone  
  17  1:22  Drone  
  18  1:30  Drone  
  19  1:41  Drone  
  20  1:51  Overlord  
  20  1:56  Queen x2  
  20  1:57  Zergling x2  
  25  2:03  Zergling x2  
  25  2:08  Drone  
  27  2:13  Drone  
  28  2:17  Drone  
  28  2:21  Metabolic Boost  
  29  2:31  Queen  
  31  2:44  Hatchery  
  30  2:45  Drone x2  
  30  2:49  Overlord  
  31  2:52  Drone  
  31  2:54  Drone  
  31  2:56  Drone  
  34  3:00  Drone  
  34  3:05  Overlord  
  35  3:09  Drone  
  35  3:10  Drone x2  
  38  3:14  Drone x2  
  38  3:16  Drone  
  38  3:19  Drone  
  42  3:21  Drone  
  42  3:25  Queen  
  45  3:31  Spore Crawler  
  45  3:33  Queen  
  46  3:36  Drone  
  46  3:38  Overlord  
  47  3:45  Zergling x8  
  51  3:50  Spore Crawler  
  51  3:51  Overlord  
  50  3:57  Drone x4  
  54  4:05  Drone x2  
  54  4:09  Drone x4  
  60  4:15  Zergling x2  
  60  4:16  Drone x2  
  63  4:22  Roach Warren, Queen  
  63  4:23  Overlord  
  64  4:29  Overlord, Zergling x2  
  64  4:30  Drone x2  
  67  4:35  Overlord  
  67  4:40  Drone x2  
  67  4:41  Drone  
  70  4:48  Drone  
  70  4:49  Zergling x4  
  73  4:53  Lair  
  73  4:55  Drone x2  
  73  4:56  Drone x3  
  73  4:59  Extractor  
  77  5:00  Spore Crawler, Drone x4  
  77  5:04  Extractor x2  
  77  5:05  Spore Crawler  
  77  5:06  Evolution Chamber  
  77  5:07  Drone x2  
  78  5:10  Drone  
  79  5:15  Drone  
  79  5:16  Extractor  
  79  5:17  Extractor  
  77  5:23  Drone x5  
  77  5:25  Hatchery  
  77  5:28  Drone x4  
  85  5:32  Overlord  
  85  5:36  Zerg Missile Weapons Level 1  
  85  5:37  Drone x4  
  85  5:42  Overlord  
  89  5:43  Drone  
  89  5:48  Overlord  
  90  5:51  Glial Reconstitution  
  90  5:52  Overseer, Infestation Pit  
  89  5:58  Roach x5  
  89  5:59  Overseer  
  89  6:03  Overlord  
  99  6:05  Roach x2  
  99  6:06  Roach  
  99  6:09  Overlord  
  105  6:18  Roach x5  
  115  6:20  Spore Crawler  
  115  6:23  Drone  
  115  6:25  Roach x2  
  119  6:32  Overlord  
  119  6:37  Roach x2  
  122  6:40  Overlord  
  122  6:43  Zergling x18  
  122  6:45  Ravager x3  
  134  6:48  Hive  
  134  6:50  Ravager, Hydralisk Den  
  134  6:51  Ravager  
  135  6:57  Roach  
  135  6:58  Roach x3  
  142  7:06  Zergling x8  
  141  7:10  Zergling x16  
  141  7:14  Overlord  
  140  7:19  Zergling x8  
  137  7:26  Zergling x6  
  137  7:29  Roach  
  126  7:32  Roach  
  113  7:38  Roach x6  
  113  7:44  Roach x4  
  121  7:46  Ravager x3  
  124  7:52  Roach x4  
  131  7:59  Roach x3  
  131  8:00  Lurker Den  
  131  8:03  Roach x2  
  138  8:09  Roach x4  
  144  8:16  Ravager x3  
  144  8:18  Overlord  
  144  8:19  Zergling x10  
  152  8:20  Zergling x2  
  152  8:26  Overlord  
  152  8:27  Overlord x2  
  153  8:30  Ravager  
  153  8:49  Hatchery  
  153  8:50  Zergling x8  
  153  8:51  Zergling x8  
  160  8:58  Seismic Spines  
  160  8:59  Hydralisk x5  
  170  9:09  Zergling x8  
  174  9:14  Overlord  
  174  9:15  Hydralisk  
  174  9:17  Zerg Missile Weapons Level 2  
  174  9:18  Overlord  
  174  9:21  Drone  
  174  9:22  Nydus Network  
  174  9:25  Lurker x2  
  174  9:26  Lurker  
  177  9:37  Lurker x2  
  179  9:40  Lurker  
  179  9:41  Zergling x2  
  179  9:42  Zergling x14  
  179  9:44  Extractor  
  187  9:45  Extractor  
  181  9:55  Adaptive Talons  
  181  9:58  Overlord, Overseer  
  181  9:59  Nydus Canal  
  180  10:01  Roach x5  
  180  10:04  Roach  
  180  10:05  Roach  
  183  10:07  Roach  
  183  10:08  Roach  
  174  10:24  Roach x5  
  174  10:25  Roach x6  
  170  10:32  Roach x4  
  176  10:36  Roach x2  
  184  10:42  Roach  
  184  10:43  Roach x2  
  184  10:49  Roach x4  
  173  11:01  Zergling x8  
  173  11:03  Zergling x2  
  174  11:05  Zergling x2  
  174  11:06  Hatchery  
  165  11:13  Nydus Network, Zergling x4  
  165  11:16  Queen  
  168  11:23  Hydralisk  
  168  11:24  Hydralisk x2  
  174  11:27  Muscular Augments  
  174  11:34  Hydralisk  
  174  11:35  Hydralisk x3  
  166  11:48  Roach x6  
  170  11:59  Roach x4  
  175  12:05  Roach  
  154  12:12  Roach x3  
  141  12:18  Roach x3  
  143  12:23  Hydralisk x3  
  143  12:28  Hydralisk x2  
  134  12:31  Hydralisk  
  134  12:32  Hydralisk  
  134  12:37  Hydralisk x2  
  136  12:48  Lurker x3  
  139  12:52  Zergling x12  
  142  13:03  Hydralisk x4  
  138  13:13  Hydralisk x3  
  144  13:24  Hatchery  
  144  13:26  Viper  
  145  13:30  Viper  
  146  13:43  Lurker x2  
  146  13:44  Lurker x4  
  152  13:48  Drone x2  
  152  13:49  Drone  
  155  13:57  Hydralisk  
  155  13:58  Hydralisk x2  
  155  14:02  Overseer  
  161  14:07  Hydralisk x2  
  165  14:11  Pneumatized Carapace  
  165  14:12  Overseer  
  165  14:14  Overseer  
  165  14:25  Hydralisk  
  165  14:26  Hydralisk x2  
  171  14:36  Hydralisk x3  
  171  14:53  Hydralisk x4  
  148  15:07  Hydralisk x5  
  156  15:19  Hydralisk x3  
  160  15:27  Hydralisk x2  
  153  15:35  Hydralisk x2  
  145  15:36  Hydralisk  
  145  15:42  Hydralisk  
  135  15:53  Hydralisk x3  
  119  16:04  Hydralisk x3  
  119  16:09  Hydralisk x2  
  116  16:17  Hydralisk x2  
Tags
 
Add a new tag
Caveats
  • Supply blocks, unpowered buildings, or Contaminate may cause inaccurate times.
  • Supply counts are checked every 10 seconds.